Workbook

Sheet Fee Impact
B2: 2027/28 Fee Recovery Calculation
B4: Total Fees Dec-2026 to Mar-2027 | D4: 10375875
B5: NSPI Interm Fee (Feb-2026 to Nov-2026) | D5: 9500000
B6: Fees Apr-2027 to Mar-2028
B7: NSPI Recovery | D7: =D4+D5+D6 -> 19875875
B8: # of Months of Disposition | D8: 12
B9: Fees Recovered Apr-27 to Mar-28 | D9: =D7/(D8/12) -> 19875875
B12: Rate Class Characteristics
C14: Energy Allocator | E14: Demand Allocator | G14: Customer Count | I14: Billed MWh | K14: 12CP
C15: 2027 Forecast MWh (with losses) | D15: % | E15: 3CP | F15: % | G15: Customers | H15: % | I15: 2027 Forecast Billed MWh | J15: % | K15: 12CP | L15: %
B16: Residential | C16: 5601352 | D16: =C16/$C$27 -> 0.49684326 | E16: 4351189 | F16: =E16/$E$27 -> 0.65059281 | G16: 486363 | H16: =G16/$G$27 -> 0.90510219 | I16: 5174286 | J16: =I16/$I$27 -> 0.49153343 | K16: 10379557 | L16: =K16/$K$27 -> 0.53368039
B17: Small General | C17: 385414 | D17: =C17/$C$27 -> 0.034186451 | E17: 230332 | F17: =E17/$E$27 -> 0.034439401 | G17: 27549 | H17: =G17/$G$27 -> 0.051267593 | I17: 356341 | J17: =I17/$I$27 -> 0.03385076 | K17: 645964.47 | L17: =K17/$K$27 -> 0.033213225
B18: General | C18: 2335072 | D18: =C18/$C$27 -> 0.20712228 | E18: 1195401 | F18: =E18/$E$27 -> 0.17873719 | G18: 11199 | H18: =G18/$G$27 -> 0.020840893 | I18: 2165416 | J18: =I18/$I$27 -> 0.20570459 | K18: 3598075.4 | L18: =K18/$K$27 -> 0.1850004
B19: Large General | C19: 374976 | D19: =C19/$C$27 -> 0.033260594 | E19: 136936 | F19: =E19/$E$27 -> 0.020474766 | G19: 20 | H19: =G19/$G$27 -> 3.7219204e-05 | I19: 357053 | J19: =I19/$I$27 -> 0.033918397 | K19: 551681.29 | L19: =K19/$K$27 -> 0.028365515
B20: Small Industrial | C20: 273902 | D20: =C20/$C$27 -> 0.02429527 | E20: 125244 | F20: =E20/$E$27 -> 0.01872657 | G20: 2127 | H20: =G20/$G$27 -> 0.0039582624 | I20: 254468 | J20: =I20/$I$27 -> 0.024173293 | K20: 390598.4 | L20: =K20/$K$27 -> 0.020083198
B21: Medium Industrial | C21: 442241 | D21: =C21/$C$27 -> 0.03922704 | E21: 144442 | F21: =E21/$E$27 -> 0.021597069 | G21: 175 | H21: =G21/$G$27 -> 0.00032566804 | I21: 414536 | J21: =I21/$I$27 -> 0.039379018 | K21: 521190.28 | L21: =K21/$K$27 -> 0.026797775
B22: Large Industrial | C22: 719039 | D22: =C22/$C$27 -> 0.063779187 | E22: 245492 | F22: =E22/$E$27 -> 0.036706135 | G22: 36 | H22: =G22/$G$27 -> 6.6994568e-05 | I22: 694582 | J22: =I22/$I$27 -> 0.065982103 | K22: 996151.79 | L22: =K22/$K$27 -> 0.051218628
B23: PHP | C23: 311353 | D23: =C23/$C$27 -> 0.027617196 | E23: 203269 | F23: =E23/$E$27 -> 0.030392923 | G23: 1 | H23: =G23/$G$27 -> 1.8609602e-06 | I23: 304283 | J23: =I23/$I$27 -> 0.028905489 | K23: 1410000 | L23: =K23/$K$27 -> 0.07249725
B24: Municipal - Lunenburg | C24: =129552*$O$24 -> 28991.492 | D24: =C24/$C$27 -> 0.0025715626 | E24: =93701*$O$24 -> 20968.66 | F24: =E24/$E$27 -> 0.0031352486 | G24: 1 | H24: =G24/$G$27 -> 1.8609602e-06 | I24: =125502*$O$24 -> 28085.172 | J24: =I24/$I$27 -> 0.0026679625 | K24: 58927.813 | L24: =K24/$K$27 -> 0.0030298613 | N24: Lunenburg % of Municipal Load | O24: 0.22378267
B25: Unmetered | C25: 83268 | D25: =C25/$C$27 -> 0.0073859212 | E25: 32357 | F25: =E25/$E$27 -> 0.0048380412 | G25: 9882 | H25: =G25/$G$27 -> 0.018390009 | I25: 77000 | J25: =I25/$I$27 -> 0.0073146467 | K25: 62356.996 | L25: =K25/$K$27 -> 0.0032061778
B26: Below the Line | C26: 718273 | D26: =C26/$C$27 -> 0.063711243 | E26: 2406.65 | F26: =E26/$E$27 -> 0.00035984399 | H26: =G26/$G$27 -> 0 | I26: 700774 | J26: =I26/$I$27 -> 0.066570315 | K26: 834509.95 | L26: =K26/$K$27 -> 0.042907572
B27: Total | C27: =SUM(C16:C26) -> 11273881 | D27: =C27/$C$27 -> 1 | E27: =SUM(E16:E26) -> 6688037.3 | F27: =E27/$E$27 -> 1 | G27: 537357 | H27: =G27/$G$27 -> 1 | I27: =SUM(I16:I26) -> 10526824 | J27: =I27/$I$27 -> 1 | K27: =SUM(K16:K26) -> 19449014 | L27: =K27/$I$27 -> 1.8475671
B30: Fee Allocation Options
C32: Option 1: Energy Allocator
C33: =C15 -> 2027 Forecast MWh (with losses) | D33: MWh % | E33: Allocated Revenue Requirement | F33: 2027 Forecast Billed MWh | G33: ¢/kWh | I33: Pros
B34: Residential | C34: =C16 -> 5601352 | D34: =C34/C$45 -> 0.49684326 | E34: =D16*$E$45 -> 9875194.5 | F34: =I16 -> 5174286 | G34: =E34/(F34*1000)*100 -> 0.19085135 | I34: - Consistent with method IESO allocates costs to MPs
B35: Small General | C35: =C17 -> 385414 | D35: =C35/C$45 -> 0.034186451 | E35: =D17*$E$45 -> 679485.63 | F35: =I17 -> 356341 | G35: =E35/(F35*1000)*100 -> 0.1906841
B36: General | C36: =C18 -> 2335072 | D36: =C36/C$45 -> 0.20712228 | E36: =D18*$E$45 -> 4116736.5 | F36: =I18 -> 2165416 | G36: =E36/(F36*1000)*100 -> 0.19011296 | I36: Cons
B37: Large General | C37: =C19 -> 374976 | D37: =C37/C$45 -> 0.033260594 | E37: =D19*$E$45 -> 661083.42 | F37: =I19 -> 357053 | G37: =E37/(F37*1000)*100 -> 0.18514994 | I37: - Inconsistent with allocation of costs when system operator was within NSP
B38: Small Industrial | C38: =C20 -> 273902 | D38: =C38/C$45 -> 0.02429527 | E38: =D20*$E$45 -> 482889.76 | F38: =I20 -> 254468 | G38: =E38/(F38*1000)*100 -> 0.18976443
B39: Medium Industrial | C39: =C21 -> 442241 | D39: =C39/C$45 -> 0.03922704 | E39: =D21*$E$45 -> 779671.74 | F39: =I21 -> 414536 | G39: =E39/(F39*1000)*100 -> 0.188083
B40: Large Industrial | C40: =C22 -> 719039 | D40: =C40/C$45 -> 0.063779187 | E40: =D22*$E$45 -> 1267667.2 | F40: =I22 -> 694582 | G40: =E40/(F40*1000)*100 -> 0.18250792
B41: PHP | C41: =C23 -> 311353 | D41: =C41/C$45 -> 0.027617196 | E41: =D23*$E$45 -> 548915.94 | F41: =I23 -> 304283 | G41: =E41/(F41*1000)*100 -> 0.18039652
B42: Municipal - Lunenburg | C42: =C24 -> 28991.492 | D42: =C42/C$45 -> 0.0025715626 | E42: =D24*$E$45 -> 51112.057 | F42: =I24 -> 28085.172 | G42: =E42/(F42*1000)*100 -> 0.18198947
B43: Unmetered | C43: =C25 -> 83268 | D43: =C43/C$45 -> 0.0073859212 | E43: =D25*$E$45 -> 146801.65 | F43: =I25 -> 77000 | G43: =E43/(F43*1000)*100 -> 0.19065149
B44: Below the Line | C44: =C26 -> 718273 | D44: =C44/C$45 -> 0.063711243 | E44: =D26*$E$45 -> 1266316.7 | F44: =I26 -> 700774 | G44: =E44/(F44*1000)*100 -> 0.18070258
B45: Total | C45: =C27 -> 11273881 | D45: =C45/C$45 -> 1 | E45: =$D$9 -> 19875875 | F45: =SUM(F34:F44) -> 10526824 | G45: =E45/F45/10 -> 0.18881169
C47: Option 2: System Load Factor
C48: =C33 -> 2027 Forecast MWh (with losses) | D48: MWh % | E48: 3CP | F48: 3CP % | G48: System Load Factor-Weighted | H48: Allocated Revenue Requirement | I48: 2027 Forecast Billed MWh | J48: ¢/kWh
B49: Residential | C49: =C34 -> 5601352 | D49: =C49/C$60 -> 0.49684326 | E49: =E16 -> 4351189 | F49: =E49/E$60 -> 0.65059281 | G49: =($L$59*D49+$M$59*F49) -> 0.57093727 | H49: =$H$60*G49 -> 11347878 | I49: =I16 -> 5174286 | J49: =H49/(I49*1000)*100 -> 0.21931292 | L49: Pros
B50: Small General | C50: =C35 -> 385414 | D50: =C50/C$60 -> 0.034186451 | E50: =E17 -> 230332 | F50: =E50/E$60 -> 0.034439401 | G50: =($L$59*D50+$M$59*F50) -> 0.034308351 | H50: =$H$60*G50 -> 681908.5 | I50: =I17 -> 356341 | J50: =H50/(I50*1000)*100 -> 0.19136403 | L50: - Consistent with method NSP allocates generation and had allocated transmission prior to 2026/27 GRA
B51: General | C51: =C36 -> 2335072 | D51: =C51/C$60 -> 0.20712228 | E51: =E18 -> 1195401 | F51: =E51/E$60 -> 0.17873719 | G51: =($L$59*D51+$M$59*F51) -> 0.19344311 | H51: =$H$60*G51 -> 3844851.2 | I51: =I18 -> 2165416 | J51: =H51/(I51*1000)*100 -> 0.17755716
B52: Large General | C52: =C37 -> 374976 | D52: =C52/C$60 -> 0.033260594 | E52: =E19 -> 136936 | F52: =E52/E$60 -> 0.020474766 | G52: =($L$59*D52+$M$59*F52) -> 0.027098929 | H52: =$H$60*G52 -> 538614.92 | I52: =I19 -> 357053 | J52: =H52/(I52*1000)*100 -> 0.15085013 | L52: Cons
B53: Small Industrial | C53: =C38 -> 273902 | D53: =C53/C$60 -> 0.02429527 | E53: =E20 -> 125244 | F53: =E53/E$60 -> 0.01872657 | G53: =($L$59*D53+$M$59*F53) -> 0.021611638 | H53: =$H$60*G53 -> 429550.21 | I53: =I20 -> 254468 | J53: =H53/(I53*1000)*100 -> 0.16880323 | L53: - Inconsistent with method NSP would allocate system operator costs in revised methodology
B54: Medium Industrial | C54: =C39 -> 442241 | D54: =C54/C$60 -> 0.03922704 | E54: =E21 -> 144442 | F54: =E54/E$60 -> 0.021597069 | G54: =($L$59*D54+$M$59*F54) -> 0.030730915 | H54: =$H$60*G54 -> 610803.83 | I54: =I21 -> 414536 | J54: =H54/(I54*1000)*100 -> 0.14734639 | L54: - Inconsistent with method IESO allocates costs to MPs
B55: Large Industrial | C55: =C40 -> 719039 | D55: =C55/C$60 -> 0.063779187 | E55: =E22 -> 245492 | F55: =E55/E$60 -> 0.036706135 | G55: =($L$59*D55+$M$59*F55) -> 0.050732313 | H55: =$H$60*G55 -> 1008349.1 | I55: =I22 -> 694582 | J55: =H55/(I55*1000)*100 -> 0.14517351
B56: PHP | C56: =C41 -> 311353 | D56: =C56/C$60 -> 0.027617196 | E56: =E23 -> 203269 | F56: =E56/E$60 -> 0.030392923 | G56: =($L$59*D56+$M$59*F56) -> 0.028954857 | H56: =$H$60*G56 -> 575503.12 | I56: =I23 -> 304283 | J56: =H56/(I56*1000)*100 -> 0.18913417
B57: Municipal | C57: =C42 -> 28991.492 | D57: =C57/C$60 -> 0.0025715626 | E57: =E24 -> 20968.66 | F57: =E57/E$60 -> 0.0031352486 | G57: =($L$59*D57+$M$59*F57) -> 0.0028432106 | H57: =$H$60*G57 -> 56511.299 | I57: =I24 -> 28085.172 | J57: =H57/(I57*1000)*100 -> 0.201214
B58: Unmetered | C58: =C43 -> 83268 | D58: =C58/C$60 -> 0.0073859212 | E58: =E25 -> 32357 | F58: =E58/E$60 -> 0.0048380412 | G58: =($L$59*D58+$M$59*F58) -> 0.0061580629 | H58: =$H$60*G58 -> 122396.89 | I58: =I25 -> 77000 | J58: =H58/(I58*1000)*100 -> 0.158957 | L58: Energy % (SLF) | M58: Demand %
B59: Below the Line | C59: =C44 -> 718273 | D59: =C59/C$60 -> 0.063711243 | E59: =E26 -> 2406.65 | F59: =E59/E$60 -> 0.00035984399 | G59: =($L$59*D59+$M$59*F59) -> 0.033181336 | H59: =$H$60*G59 -> 659508.08 | I59: =I26 -> 700774 | J59: =H59/(I59*1000)*100 -> 0.09411138 | L59: 0.5180863 | M59: =1-L59 -> 0.4819137
B60: Total | C60: =C45 -> 11273881 | D60: =C60/C$60 -> 1 | E60: =E27 -> 6688037.3 | F60: =E60/E$60 -> 1 | G60: =($L$59*D60+$M$59*F60) -> 1 | H60: =$D$9 -> 19875875 | I60: =SUM(I49:I59) -> 10526824 | J60: =H60/I60/10 -> 0.18881169
C62: Option 3: Demand Allocator
C63: =E15 -> 3CP | D63: 3CP % | E63: Allocated Revenue Requirement | F63: 2027 Forecast Billed MWh | G63: ¢/kWh
B64: Residential | C64: =E16 -> 4351189 | D64: =F16 -> 0.65059281 | E64: =$E$75*D64 -> 12931101 | F64: =I16 -> 5174286 | G64: =E64/(F64*1000)*100 -> 0.24991084 | I64: Pros
B65: Small General | C65: =E17 -> 230332 | D65: =F17 -> 0.034439401 | E65: =$E$75*D65 -> 684513.23 | F65: =I17 -> 356341 | G65: =E65/(F65*1000)*100 -> 0.192095 | I65: - Consistent with method NSP allocates transmission in 2026/27 GRA
B66: General | C66: =E18 -> 1195401 | D66: =F18 -> 0.17873719 | E66: =$E$75*D66 -> 3552558.1 | F66: =I18 -> 2165416 | G66: =E66/(F66*1000)*100 -> 0.16405892
B67: Large General | C67: =E19 -> 136936 | D67: =F19 -> 0.020474766 | E67: =$E$75*D67 -> 406953.89 | F67: =I19 -> 357053 | G67: =E67/(F67*1000)*100 -> 0.11397577 | I67: Cons
B68: Small Industrial | C68: =E20 -> 125244 | D68: =F20 -> 0.01872657 | E68: =$E$75*D68 -> 372206.97 | F68: =I20 -> 254468 | G68: =E68/(F68*1000)*100 -> 0.14626867 | I68: - Inconsistent with method NSP has allocated system operator costs
B69: Medium Industrial | C69: =E21 -> 144442 | D69: =F21 -> 0.021597069 | E69: =$E$75*D69 -> 429260.63 | F69: =I21 -> 414536 | G69: =E69/(F69*1000)*100 -> 0.10355208 | I69: - Inconsistent with method IESO allocates costs to MPs
B70: Large Industrial | C70: =E22 -> 245492 | D70: =F22 -> 0.036706135 | E70: =$E$75*D70 -> 729566.55 | F70: =I22 -> 694582 | G70: =E70/(F70*1000)*100 -> 0.10503678
B71: PHP | C71: =E23 -> 203269 | D71: =F23 -> 0.030392923 | E71: =$E$75*D71 -> 604085.93 | F71: =I23 -> 304283 | G71: =E71/(F71*1000)*100 -> 0.19852766
B72: Municipal | C72: =E24 -> 20968.66 | D72: =F24 -> 0.0031352486 | E72: =$E$75*D72 -> 62315.809 | F72: =I24 -> 28085.172 | G72: =E72/(F72*1000)*100 -> 0.22188153
B73: Unmetered | C73: =E25 -> 32357 | D73: =F25 -> 0.0048380412 | E73: =$E$75*D73 -> 96160.302 | F73: =I25 -> 77000 | G73: =E73/(F73*1000)*100 -> 0.12488351
B74: Below the Line | C74: =E26 -> 2406.65 | D74: =F26 -> 0.00035984399 | E74: =$E$75*D74 -> 7152.2141 | F74: =I26 -> 700774 | G74: =E74/(F74*1000)*100 -> 0.0010206164
B75: Total | C75: =E27 -> 6688037.3 | D75: =F27 -> 1 | E75: =$D$9 -> 19875875 | F75: =SUM(F64:F74) -> 10526824 | G75: =E75/F75/10 -> 0.18881169
C77: Option 4: 12CP (OATT)
C78: =K15 -> 12CP | D78: 12CP % | E78: Allocated Revenue Requirement | F78: 2027 Forecast Billed MWh | G78: ¢/kWh
B79: Residential | C79: =K16 -> 10379557 | D79: =L16 -> 0.53368039 | E79: =$E$90*D79 -> 10607365 | F79: =I16 -> 5174286 | G79: =E79/(F79*1000)*100 -> 0.20500152 | I79: Pros
B80: Small General | C80: =K17 -> 645964.47 | D80: =L17 -> 0.033213225 | E80: =$E$90*D80 -> 660141.91 | F80: =I17 -> 356341 | G80: =E80/(F80*1000)*100 -> 0.18525567 | I80: - Consistent with method costs are recovered under the OATT
B81: General | C81: =K18 -> 3598075.4 | D81: =L18 -> 0.1850004 | E81: =$E$90*D81 -> 3677044.9 | F81: =I18 -> 2165416 | G81: =E81/(F81*1000)*100 -> 0.16980778
B82: Large General | C82: =K19 -> 551681.29 | D82: =L19 -> 0.028365515 | E82: =$E$90*D82 -> 563789.43 | F82: =I19 -> 357053 | G82: =E82/(F82*1000)*100 -> 0.15790077 | I82: Cons
B83: Small Industrial | C83: =K20 -> 390598.4 | D83: =L20 -> 0.020083198 | E83: =$E$90*D83 -> 399171.14 | F83: =I20 -> 254468 | G83: =E83/(F83*1000)*100 -> 0.15686497 | I83: - NSP does not currently allocate any costs using the 12CP
B84: Medium Industrial | C84: =K21 -> 521190.28 | D84: =L21 -> 0.026797775 | E84: =$E$90*D84 -> 532629.22 | F84: =I21 -> 414536 | G84: =E84/(F84*1000)*100 -> 0.12848805 | I84: - Inconsistent with method NSP has allocated system operator costs
B85: Large Industrial | C85: =K22 -> 996151.79 | D85: =L22 -> 0.051218628 | E85: =$E$90*D85 -> 1018015 | F85: =I22 -> 694582 | G85: =E85/(F85*1000)*100 -> 0.14656513 | I85: - Inconsistent with method IESO allocates costs to MPs
B86: PHP | C86: =K23 -> 1410000 | D86: =L23 -> 0.07249725 | E86: =$E$90*D86 -> 1440946.3 | F86: =I23 -> 304283 | G86: =E86/(F86*1000)*100 -> 0.47355464
B87: Municipal | C87: =K24 -> 58927.813 | D87: =L24 -> 0.0030298613 | E87: =$E$90*D87 -> 60221.144 | F87: =I24 -> 28085.172 | G87: =E87/(F87*1000)*100 -> 0.21442327
B88: Unmetered | C88: =K25 -> 62356.996 | D88: =L25 -> 0.0032061778 | E88: =$E$90*D88 -> 63725.589 | F88: =I25 -> 77000 | G88: =E88/(F88*1000)*100 -> 0.082760506
B89: Below the Line | C89: =K26 -> 834509.95 | D89: =L26 -> 0.042907572 | E89: =$E$90*D89 -> 852825.54 | F89: =I26 -> 700774 | G89: =E89/(F89*1000)*100 -> 0.12169766
B90: Total | C90: =K27 -> 19449014 | D90: =L27 -> 1.8475671 | E90: =$D$9 -> 19875875 | F90: =SUM(F79:F89) -> 10526824 | G90: =E90/F90/10 -> 0.18881169
C92: Option 5: System Load Factor for Generation , Demand for Transmission
C93: =C48 -> 2027 Forecast MWh (with losses) | D93: MWh % | E93: 3CP | F93: 3CP % | G93: Generation/Transmission Weighted | H93: Allocated Revenue Requirement | I93: 2027 Forecast Billed MWh | J93: ¢/kWh
B94: Residential | C94: =C49 -> 5601352 | D94: =C94/C$105 -> 0.28800185 | E94: =E49 -> 4351189 | F94: =E94/E$105 -> 0.65059281 | G94: =($L$102*D94+$M$102*F94)*$M$105+F94*$L$105 -> 0.61368563 | H94: =$H$60*G94 -> 12197539 | I94: =I16 -> 5174286 | J94: =H94/(I94*1000)*100 -> 0.23573376 | L94: Pros
B95: Small General | C95: =C50 -> 385414 | D95: =C95/C$105 -> 0.019816635 | E95: =E50 -> 230332 | F95: =E95/E$105 -> 0.034439401 | G95: =($L$102*D95+$M$102*F95)*$M$105+F95*$L$105 -> 0.032950988 | H95: =$H$60*G95 -> 654929.72 | I95: =I17 -> 356341 | J95: =H95/(I95*1000)*100 -> 0.18379297 | L95: - Consistent with method NSP allocates generation and transmission
B96: General | C96: =C51 -> 2335072 | D96: =C96/C$105 -> 0.1200612 | E96: =E51 -> 1195401 | F96: =E96/E$105 -> 0.17873719 | G96: =($L$102*D96+$M$102*F96)*$M$105+F96*$L$105 -> 0.17276472 | H96: =$H$60*G96 -> 3433849.9 | I96: =I18 -> 2165416 | J96: =H96/(I96*1000)*100 -> 0.15857692
B97: Large General | C97: =C52 -> 374976 | D97: =C97/C$105 -> 0.019279949 | E97: =E52 -> 136936 | F97: =E97/E$105 -> 0.020474766 | G97: =($L$102*D97+$M$102*F97)*$M$105+F97*$L$105 -> 0.020353149 | H97: =$H$60*G97 -> 404536.64 | I97: =I19 -> 357053 | J97: =H97/(I97*1000)*100 -> 0.11329877 | L97: Cons
B98: Small Industrial | C98: =C53 -> 273902 | D98: =C98/C$105 -> 0.014083079 | E98: =E53 -> 125244 | F98: =E98/E$105 -> 0.01872657 | G98: =($L$102*D98+$M$102*F98)*$M$105+F98*$L$105 -> 0.018253921 | H98: =$H$60*G98 -> 362812.66 | I98: =I20 -> 254468 | J98: =H98/(I98*1000)*100 -> 0.14257693 | L98: - Need to define % of costs related to generation and % related to transmission
B99: Medium Industrial | C99: =C54 -> 442241 | D99: =C99/C$105 -> 0.02273848 | E99: =E54 -> 144442 | F99: =E99/E$105 -> 0.021597069 | G99: =($L$102*D99+$M$102*F99)*$M$105+F99*$L$105 -> 0.02171325 | H99: =$H$60*G99 -> 431569.84 | I99: =I21 -> 414536 | J99: =H99/(I99*1000)*100 -> 0.10410913 | L99: - Inconsistent with method IESO allocates costs to MPs
B100: Large Industrial | C100: =C55 -> 719039 | D100: =C100/C$105 -> 0.036970461 | E100: =E55 -> 245492 | F100: =E100/E$105 -> 0.036706135 | G100: =($L$102*D100+$M$102*F100)*$M$105+F100*$L$105 -> 0.03673304 | H100: =$H$60*G100 -> 730101.31 | I100: =I22 -> 694582 | J100: =H100/(I100*1000)*100 -> 0.10511377
B101: PHP | C101: =C56 -> 311353 | D101: =C101/C$105 -> 0.016008678 | E101: =E56 -> 203269 | F101: =E101/E$105 -> 0.030392923 | G101: =($L$102*D101+$M$102*F101)*$M$105+F101*$L$105 -> 0.028928788 | H101: =$H$60*G101 -> 574984.98 | I101: =I23 -> 304283 | J101: =H101/(I101*1000)*100 -> 0.18896388 | L101: Energy % (SLF) | M101: Demand %
B102: Municipal | C102: =C57 -> 28991.492 | D102: =C102/C$105 -> 0.0014906407 | E102: =E57 -> 20968.66 | F102: =E102/E$105 -> 0.0031352486 | G102: =($L$102*D102+$M$102*F102)*$M$105+F102*$L$105 -> 0.0029678483 | H102: =$H$60*G102 -> 58988.581 | I102: =I24 -> 28085.172 | J102: =H102/(I102*1000)*100 -> 0.21003461 | L102: =L59 -> 0.5180863 | M102: =M59 -> 0.4819137
B103: Unmetered | C103: =C58 -> 83268 | D103: =C103/C$105 -> 0.0042813482 | E103: =E58 -> 32357 | F103: =E103/E$105 -> 0.0048380412 | G103: =($L$102*D103+$M$102*F103)*$M$105+F103*$L$105 -> 0.0047813769 | H103: =$H$60*G103 -> 95034.049 | I103: =I25 -> 77000 | J103: =H103/(I103*1000)*100 -> 0.12342084
B104: Below the Line | C104: =C59 -> 718273 | D104: =C104/C$105 -> 0.036931076 | E104: =E59 -> 2406.65 | F104: =E104/E$105 -> 0.00035984399 | G104: =($L$102*D104+$M$102*F104)*$M$105+F104*$L$105 -> 0.0040823337 | H104: =$H$60*G104 -> 81139.954 | I104: =I26 -> 700774 | J104: =H104/(I104*1000)*100 -> 0.011578619 | L104: Transmission | M104: Generation
B105: Total | C105: =C90 -> 19449014 | D105: =C105/C$105 -> 1 | E105: =E60 -> 6688037.3 | F105: =E105/E$60 -> 1 | G105: =($L$102*D105+$M$102*F105)*$M$105+F105*$L$105 -> 1 | H105: =$D$9 -> 19875875 | I105: =SUM(I94:I104) -> 10526824 | J105: =H105/I105/10 -> 0.18881169 | L105: =3.64/(3.64+0.89) -> 0.80353201 | M105: =0.89/(3.64+0.89) -> 0.19646799 | N105: (To be Determined)
C107: Option 6: Billed MWh
C108: =I15 -> 2027 Forecast Billed MWh | D108: =J15 -> % | E108: Allocated Revenue Requirement | F108: ¢/kWh
B109: Residential | C109: =I16 -> 5174286 | D109: =J16 -> 0.49153343 | E109: =$E$120*D109 -> 9769657 | F109: =E109/C109/10 -> 0.18881169 | I109: Pros
B110: Small General | C110: =I17 -> 356341 | D110: =J17 -> 0.03385076 | E110: =$E$120*D110 -> 672813.48 | F110: =E110/C110/10 -> 0.18881169 | I110: - Simple approach
B111: General | C111: =I18 -> 2165416 | D111: =J18 -> 0.20570459 | E111: =$E$120*D111 -> 4088558.6 | F111: =E111/C111/10 -> 0.18881169 | I111: - Some consistency with other jurisdictions
B112: Large General | C112: =I19 -> 357053 | D112: =J19 -> 0.033918397 | E112: =$E$120*D112 -> 674157.82 | F112: =E112/C112/10 -> 0.18881169
B113: Small Industrial | C113: =I20 -> 254468 | D113: =J20 -> 0.024173293 | E113: =$E$120*D113 -> 480465.34 | F113: =E113/C113/10 -> 0.18881169 | I113: Cons
...

Sheet Bill Impacts
C2: 2027 | D2: 2027 with IESO Fee | E2: % Increase | H2: Impact of IESO Fee on 2027 Total Bills
B3: Residential | H3: Rate Class | I3: Monthly Fee | J3: % Total Bill Increase
B4: Customer Charge | C4: ='Bill Impacts (detailed)'!L28 -> 21.038342 | D4: ='Bill Impacts (detailed)'!M28 -> 21.038342 | H4: =B3 -> Residential | I4: =D6 -> 1.6920137 | J4: =E7 -> 0.0085854032
B5: Energy Charges | C5: ='Bill Impacts (detailed)'!L29+'Bill Impacts (detailed)'!L30 -> 176.04194 | D5: ='Bill Impacts (detailed)'!M29+'Bill Impacts (detailed)'!M30-'Bill Impacts (detailed)'!M22 -> 176.04194 | E5: =(D5+D6)/C5-1 -> 0.0096114237 | H5: =B8 -> Small General | I5: =D11 -> 2.055385 | J5: =E12 -> 0.0090014461
B6: Illustrative IESO Fee | D6: ='Bill Impacts (detailed)'!M22 -> 1.6920137 | H6: =B13 -> General | I6: =D16 -> 30.633215 | J6: =E17 -> 0.011217271
B7: Total Bill | C7: =SUM(C4:C6) -> 197.08029 | D7: =SUM(D4:D6) -> 198.7723 | E7: =D7/C7-1 -> 0.0085854032 | H7: =B18 -> Large General | I7: =D21 -> 2754.5142 | J7: =E22 -> 0.013106548
B8: Small General | H8: =B23 -> Small Industrial | I8: =D26 -> 37.838094 | J8: =E27 -> 0.012720111
B9: Customer Charge | C9: ='Bill Impacts (detailed)'!L78 -> 22.734667 | D9: ='Bill Impacts (detailed)'!M78 -> 22.734667 | H9: =B28 -> Medium Industrial | I9: =D31 -> 371.27226 | J9: =E32 -> 0.013689608
B10: Energy Charges | C10: ='Bill Impacts (detailed)'!L79+'Bill Impacts (detailed)'!L80 -> 205.60476 | D10: ='Bill Impacts (detailed)'!M79+'Bill Impacts (detailed)'!M80-'Bill Impacts (detailed)'!M52-'Bill Impacts (detailed)'!M71 -> 205.60476 | E10: =(D10+D11)/C10-1 -> 0.0099967776 | H10: =B33 -> Large Industrial | I10: =D36 -> 2934.4147 | J10: =E37 -> 0.014469338
B11: Illustrative IESO Fee | D11: ='Bill Impacts (detailed)'!M52+'Bill Impacts (detailed)'!M71 -> 2.055385 | H11: PHP | I11: =D41 -> 45742.968 | J11: =E42 -> 0.013875358
B12: Total Bill | C12: =SUM(C9:C11) -> 228.33943 | D12: =SUM(D9:D11) -> 230.39481 | E12: =D12/C12-1 -> 0.0090014461 | H12: =B43 -> Municipal (Lunenburg) | I12: =D46 -> 4259.3381 | J12: =E47 -> 0.010652065
B13: General
B14: Demand Charge | C14: ='Bill Impacts (detailed)'!L134 -> 474.94042 | D14: ='Bill Impacts (detailed)'!M134 -> 474.94042
B15: Energy Charges | C15: ='Bill Impacts (detailed)'!L135+'Bill Impacts (detailed)'!L136 -> 2255.9568 | D15: ='Bill Impacts (detailed)'!M135+'Bill Impacts (detailed)'!M136-'Bill Impacts (detailed)'!M104-'Bill Impacts (detailed)'!M123 -> 2255.9568 | E15: =(D15+D16)/C15-1 -> 0.013578813
B16: Illustrative IESO Fee | D16: ='Bill Impacts (detailed)'!M104+'Bill Impacts (detailed)'!M123 -> 30.633215 | H16: Allocation Scenario (dropdown): | J16: Option 1: Energy Allocator
B17: Total Bill | C17: =SUM(C14:C16) -> 2730.8972 | D17: =SUM(D14:D16) -> 2761.5304 | E17: =D17/C17-1 -> 0.011217271
B18: Large General | I18: ='Fee Impact'!C122 -> Options Summary ¢/kWh
B19: Demand Charge | C19: ='Bill Impacts (detailed)'!L165 -> 38023.781 | D19: ='Bill Impacts (detailed)'!M165 -> 38023.781 | I19: ='Fee Impact'!C123 -> Option 1: Energy Allocator | J19: ='Fee Impact'!D123 -> Option 2: System Load Factor | K19: ='Fee Impact'!E123 -> Option 3: Demand Allocator | L19: ='Fee Impact'!F123 -> Option 4: 12CP (OATT) | M19: ='Fee Impact'!G123 -> Option 5: SLF for Gen , Demand for Tx | N19: ='Fee Impact'!H123 -> Option 6: Billed MWh
B20: Energy Charges | C20: ='Bill Impacts (detailed)'!L166+'Bill Impacts (detailed)'!L167 -> 172139.44 | D20: ='Bill Impacts (detailed)'!M166+'Bill Impacts (detailed)'!M167-'Bill Impacts (detailed)'!M160 -> 172139.44 | E20: =(D20+D21)/C20-1 -> 0.016001646
B21: Illustrative IESO Fee | D21: ='Bill Impacts (detailed)'!M160 -> 2754.5142
B22: Total Bill | C22: =SUM(C19:C21) -> 210163.22 | D22: =SUM(D19:D21) -> 212917.73 | E22: =D22/C22-1 -> 0.013106548 | H22: ='Fee Impact'!B124 -> Residential | I22: ='Fee Impact'!C124 -> 0.19085135 | J22: ='Fee Impact'!D124 -> 0.21931292 | K22: ='Fee Impact'!E124 -> 0.24991084 | L22: ='Fee Impact'!F124 -> 0.20500152 | M22: ='Fee Impact'!G124 -> 0.23573376 | N22: ='Fee Impact'!H124 -> 0.18881169
B23: Small Industrial | H23: ='Fee Impact'!B125 -> Small General | I23: ='Fee Impact'!C125 -> 0.1906841 | J23: ='Fee Impact'!D125 -> 0.19136403 | K23: ='Fee Impact'!E125 -> 0.192095 | L23: ='Fee Impact'!F125 -> 0.18525567 | M23: ='Fee Impact'!G125 -> 0.18379297 | N23: ='Fee Impact'!H125 -> 0.18881169
B24: Demand Charge | C24: ='Bill Impacts (detailed)'!L222 -> 295.87436 | D24: ='Bill Impacts (detailed)'!M222 -> 295.87436 | H24: ='Fee Impact'!B126 -> General | I24: ='Fee Impact'!C126 -> 0.19011296 | J24: ='Fee Impact'!D126 -> 0.17755716 | K24: ='Fee Impact'!E126 -> 0.16405892 | L24: ='Fee Impact'!F126 -> 0.16980778 | M24: ='Fee Impact'!G126 -> 0.15857692 | N24: ='Fee Impact'!H126 -> 0.18881169
B25: Energy Charges | C25: ='Bill Impacts (detailed)'!L223+'Bill Impacts (detailed)'!L224 -> 2678.7927 | D25: ='Bill Impacts (detailed)'!M223+'Bill Impacts (detailed)'!M224-'Bill Impacts (detailed)'!M192-'Bill Impacts (detailed)'!M211 -> 2678.7927 | E25: =(D25+D26)/C25-1 -> 0.014125055 | H25: ='Fee Impact'!B127 -> Large General | I25: ='Fee Impact'!C127 -> 0.18514994 | J25: ='Fee Impact'!D127 -> 0.15085013 | K25: ='Fee Impact'!E127 -> 0.11397577 | L25: ='Fee Impact'!F127 -> 0.15790077 | M25: ='Fee Impact'!G127 -> 0.11329877 | N25: ='Fee Impact'!H127 -> 0.18881169
B26: Illustrative IESO Fee | D26: ='Bill Impacts (detailed)'!M192+'Bill Impacts (detailed)'!M211 -> 37.838094 | H26: ='Fee Impact'!B128 -> Small Industrial | I26: ='Fee Impact'!C128 -> 0.18976443 | J26: ='Fee Impact'!D128 -> 0.16880323 | K26: ='Fee Impact'!E128 -> 0.14626867 | L26: ='Fee Impact'!F128 -> 0.15686497 | M26: ='Fee Impact'!G128 -> 0.14257693 | N26: ='Fee Impact'!H128 -> 0.18881169
B27: Total Bill | C27: =SUM(C24:C26) -> 2974.667 | D27: =SUM(D24:D26) -> 3012.5051 | E27: =D27/C27-1 -> 0.012720111 | H27: ='Fee Impact'!B129 -> Medium Industrial | I27: ='Fee Impact'!C129 -> 0.188083 | J27: ='Fee Impact'!D129 -> 0.14734639 | K27: ='Fee Impact'!E129 -> 0.10355208 | L27: ='Fee Impact'!F129 -> 0.12848805 | M27: ='Fee Impact'!G129 -> 0.10410913 | N27: ='Fee Impact'!H129 -> 0.18881169
B28: Medium Industrial | H28: ='Fee Impact'!B130 -> Large Industrial | I28: ='Fee Impact'!C130 -> 0.18250792 | J28: ='Fee Impact'!D130 -> 0.14517351 | K28: ='Fee Impact'!E130 -> 0.10503678 | L28: ='Fee Impact'!F130 -> 0.14656513 | M28: ='Fee Impact'!G130 -> 0.10511377 | N28: ='Fee Impact'!H130 -> 0.18881169
B29: Demand Charge | C29: ='Bill Impacts (detailed)'!L253 -> 6470.56 | D29: ='Bill Impacts (detailed)'!M253 -> 6470.56 | H29: ='Fee Impact'!B131 -> PHP | I29: ='Fee Impact'!C131 -> 0.18039652 | J29: ='Fee Impact'!D131 -> 0.18913417 | K29: ='Fee Impact'!E131 -> 0.19852766 | L29: ='Fee Impact'!F131 -> 0.47355464 | M29: ='Fee Impact'!G131 -> 0.18896388 | N29: ='Fee Impact'!H131 -> 0.18881169
B30: Energy Charges | C30: ='Bill Impacts (detailed)'!L254+'Bill Impacts (detailed)'!L255 -> 20650.177 | D30: ='Bill Impacts (detailed)'!M254+'Bill Impacts (detailed)'!M255-'Bill Impacts (detailed)'!M247 -> 20650.177 | E30: =(D30+D31)/C30-1 -> 0.017979132 | H30: ='Fee Impact'!B132 -> Municipal | I30: ='Fee Impact'!C132 -> 0.18198947 | J30: ='Fee Impact'!D132 -> 0.201214 | K30: ='Fee Impact'!E132 -> 0.22188153 | L30: ='Fee Impact'!F132 -> 0.21442327 | M30: ='Fee Impact'!G132 -> 0.21003461 | N30: ='Fee Impact'!H132 -> 0.18881169
B31: Illustrative IESO Fee | D31: ='Bill Impacts (detailed)'!M247 -> 371.27226 | H31: ='Fee Impact'!B133 -> Unmetered | I31: ='Fee Impact'!C133 -> 0.19065149 | J31: ='Fee Impact'!D133 -> 0.158957 | K31: ='Fee Impact'!E133 -> 0.12488351 | L31: ='Fee Impact'!F133 -> 0.082760506 | M31: ='Fee Impact'!G133 -> 0.12342084 | N31: ='Fee Impact'!H133 -> 0.18881169
B32: Total Bill | C32: =SUM(C29:C31) -> 27120.737 | D32: =SUM(D29:D31) -> 27492.009 | E32: =D32/C32-1 -> 0.013689608 | H32: ='Fee Impact'!B134 -> Below the Line | I32: ='Fee Impact'!C134 -> 0.18070258 | J32: ='Fee Impact'!D134 -> 0.09411138 | K32: ='Fee Impact'!E134 -> 0.0010206164 | L32: ='Fee Impact'!F134 -> 0.12169766 | M32: ='Fee Impact'!G134 -> 0.011578619 | N32: ='Fee Impact'!H134 -> 0.18881169
B33: Large Industrial | H33: ='Fee Impact'!B135 -> Total (Average) | I33: ='Fee Impact'!C135 -> 0.18881169 | J33: ='Fee Impact'!D135 -> 0.18881169 | K33: ='Fee Impact'!E135 -> 0.18881169 | L33: ='Fee Impact'!F135 -> 0.18881169 | M33: ='Fee Impact'!G135 -> 0.18881169 | N33: ='Fee Impact'!H135 -> 0.18881169
B34: Demand Charge | C34: ='Bill Impacts (detailed)'!L314 -> 35797.484 | D34: ='Bill Impacts (detailed)'!M314 -> 35797.484
B35: Energy Charges | C35: ='Bill Impacts (detailed)'!L315+'Bill Impacts (detailed)'!L316 -> 167004.79 | D35: ='Bill Impacts (detailed)'!M315+'Bill Impacts (detailed)'!M316-'Bill Impacts (detailed)'!M284 -> 167004.79 | E35: =(D35+D36)/C35-1 -> 0.017570841
B36: Illustrative IESO Fee | D36: ='Bill Impacts (detailed)'!M284 -> 2934.4147
B37: Total Bill | C37: =SUM(C34:C36) -> 202802.28 | D37: =SUM(D34:D36) -> 205736.69 | E37: =D37/C37-1 -> 0.014469338
B38: ='Bill Impacts (detailed)'!B415 -> Extra Large Industrial Dispatchable
B39: Demand Charge | C39: ='Bill Impacts (detailed)'!L471 -> 472923.3 | D39: ='Bill Impacts (detailed)'!M471 -> 472923.3
B40: Energy Charges | C40: ='Bill Impacts (detailed)'!L472+'Bill Impacts (detailed)'!L473 -> 2823782.1 | D40: ='Bill Impacts (detailed)'!M472+'Bill Impacts (detailed)'!M473-'Bill Impacts (detailed)'!M441-'Bill Impacts (detailed)'!M464 -> 2823782.1 | E40: =(D40+D41)/C40-1 -> 0.016199185
B41: Illustrative IESO Fee | D41: ='Bill Impacts (detailed)'!M441+'Bill Impacts (detailed)'!M464 -> 45742.968
B42: Total Bill | C42: =SUM(C39:C41) -> 3296705.4 | D42: =SUM(D39:D41) -> 3342448.3 | E42: =D42/C42-1 -> 0.013875358
B43: Municipal (Lunenburg)
B44: Demand Charge | C44: ='Bill Impacts (detailed)'!L346 -> 107857.55 | D44: ='Bill Impacts (detailed)'!M346 -> 107857.55
B45: Energy Charges | C45: ='Bill Impacts (detailed)'!L347+'Bill Impacts (detailed)'!L348 -> 292002.75 | D45: ='Bill Impacts (detailed)'!M347+'Bill Impacts (detailed)'!M348-'Bill Impacts (detailed)'!M340 -> 292002.75 | E45: =(D45+D46)/C45-1 -> 0.014586637
B46: Illustrative IESO Fee | D46: ='Bill Impacts (detailed)'!M340 -> 4259.3381
B47: Total Bill | C47: =SUM(C44:C46) -> 399860.3 | D47: =SUM(D44:D46) -> 404119.64 | E47: =D47/C47-1 -> 0.010652065

Sheet Bill Impacts (detailed)
B2: RATE SCHEDULES | I2: Average Bill Calculation
A3: 1 | C3: units | D3: 2026 | E3: 2027 | F3: Variance | G3: % Variance | I3: Charge Determinant | J3: Unit | K3: 2026 | L3: 2027 | M3: 2027 with Fee
B4: Domestic Service Tariff (Standard Offer)
B6: Customer Charge | C6: $/mo | D6: 20.082456 | E6: 21.038342 | F6: =E6-D6 -> 0.95588671 | G6: =IF(ISERROR(E6/D6-1)=TRUE,0,(E6/D6-1)) -> 0.047598099 | I6: 1 | J6: Customer | K6: =D6*I6 -> 20.082456 | L6: =E6*I6 -> 21.038342 | M6: =L6 -> 21.038342
B8: Energy Charges
B9: Base cost of fuel | C9: ¢/kWh | D9: 8.9702266 | E9: 8.8405877 | F9: =E9-D9 -> -0.12963893 | G9: =IF(ISERROR(E9/D9-1)=TRUE,0,(E9/D9-1)) -> -0.014452136 | I9: 886.56107 | J9: kWh | K9: =D9/100*I9 -> 79.526537 | L9: =E9/100*I9 -> 78.377209 | M9: =L9 -> 78.377209
B10: Non-fuel | C10: ¢/kWh | D10: 9.3533053 | E10: 10.226665 | F10: =E10-D10 -> 0.87335953 | G10: =IF(ISERROR(E10/D10-1)=TRUE,0,(E10/D10-1)) -> 0.093374428 | I10: =I9 -> 886.56107 | J10: kWh | K10: =D10/100*I10 -> 82.922764 | L10: =E10/100*I10 -> 90.665629 | M10: =L10 -> 90.665629
B11: Subtotal | D11: =SUM(D8:D10) -> 18.323532 | E11: =SUM(E8:E10) -> 19.067253 | F11: =SUM(F8:F10) -> 0.7437206 | G11: =IF(ISERROR(E11/D11-1)=TRUE,0,(E11/D11-1)) -> 0.040588278 | K11: =SUM(K8:K10) -> 162.4493 | L11: =SUM(L8:L10) -> 169.04284 | M11: =SUM(M8:M10) -> 169.04284
B13: FAM AA | C13: ¢/kWh | D13: 0 | E13: 0 | F13: =E13-D13 -> 0 | G13: =IF(ISERROR(E13/D13-1)=TRUE,0,(E13/D13-1)) -> 0 | I13: =I10 -> 886.56107 | J13: kWh | K13: =D13/100*I13 -> 0 | L13: =E13/100*I13 -> 0 | M13: =L13 -> 0
B14: FAM BA | C14: ¢/kWh | D14: 0.156 | E14: 0.156 | F14: =E14-D14 -> 0 | G14: =IF(ISERROR(E14/D14-1)=TRUE,0,(E14/D14-1)) -> 0 | I14: =I13 -> 886.56107 | J14: kWh | K14: =D14/100*I14 -> 1.3830353 | L14: =E14/100*I14 -> 1.3830353 | M14: =L14 -> 1.3830353
B15: Subtotal | D15: =SUM(D13:D14) -> 0.156 | E15: =SUM(E13:E14) -> 0.156 | F15: =SUM(F13:F14) -> 0 | G15: =IF(ISERROR(E15/D15-1)=TRUE,0,(E15/D15-1)) -> 0 | K15: =SUM(K13:K14) -> 1.3830353 | L15: =SUM(L13:L14) -> 1.3830353 | M15: =SUM(M13:M14) -> 1.3830353
B17: DSM PCR | C17: ¢/kWh | D17: 0.65740539 | E17: 0.65740539 | F17: =E17-D17 -> 0 | G17: =IF(ISERROR(E17/D17-1)=TRUE,0,(E17/D17-1)) -> 0 | I17: =I14 -> 886.56107 | J17: kWh | K17: =D17/100*I17 -> 5.8283003 | L17: =E17/100*I17 -> 5.8283003 | M17: =L17 -> 5.8283003
B18: DSM BA | C18: ¢/kWh | D18: -0.02393839 | E18: -0.02393839 | F18: =E18-D18 -> 0 | G18: =IF(ISERROR(E18/D18-1)=TRUE,0,(E18/D18-1)) -> 0 | I18: =I17 -> 886.56107 | J18: kWh | K18: =D18/100*I18 -> -0.21222845 | L18: =E18/100*I18 -> -0.21222845 | M18: =L18 -> -0.21222845
B19: Subtotal | D19: =SUM(D17:D18) -> 0.633467 | E19: =SUM(E17:E18) -> 0.633467 | F19: =SUM(F17:F18) -> 0 | G19: =IF(ISERROR(E19/D19-1)=TRUE,0,(E19/D19-1)) -> 0 | K19: =SUM(K17:K18) -> 5.6160718 | L19: =SUM(L17:L18) -> 5.6160718 | M19: =SUM(M17:M18) -> 5.6160718
B21: SCRR | C21: ¢/kWh | D21: 0 | E21: 0 | F21: =E21-D21 -> 0 | G21: =IF(ISERROR(E21/D21-1)=TRUE,0,(E21/D21-1)) -> 0 | I21: =I18 -> 886.56107 | J21: kWh | K21: =D21/100*I21 -> 0 | L21: =E21/100*I21 -> 0 | M21: =L21 -> 0
B22: IESO RR | C22: ¢/kWh | E22: =HLOOKUP('Bill Impacts'!$J$16,'Fee Impact'!$C$123:$H$135,2,FALSE) -> 0.19085135 | I22: =I21 -> 886.56107 | J22: kWh | M22: =E22/100*I22 -> 1.6920137
B23: Fuel-related in aggregate | C23: ¢/kWh | D23: =D9+D15 -> 9.1262266 | E23: =E9+E15 -> 8.9965877 | F23: =E23-D23 -> -0.12963893 | G23: =IF(ISERROR(E23/D23-1)=TRUE,0,(E23/D23-1)) -> -0.014205097 | K23: =K9+K15 -> 80.909572 | L23: =L9+L15 -> 79.760244 | M23: =M9+M15 -> 79.760244
B24: Non-fuel related in aggregate | C24: ¢/kWh | D24: =D10+D19+D21 -> 9.9867723 | E24: =E10+E19+E21 -> 10.860132 | F24: =E24-D24 -> 0.87335953 | G24: =IF(ISERROR(E24/D24-1)=TRUE,0,(E24/D24-1)) -> 0.087451631 | K24: =K10+K19+K21 -> 88.538835 | L24: =L10+L19+L21 -> 96.281701 | M24: =M10+M19+M21+M22 -> 97.973715
B25: Total | D25: =D23+D24 -> 19.112999 | E25: =E23+E24 -> 19.85672 | F25: =F11+F15+F19+F21 -> 0.7437206 | G25: =IF(ISERROR(E25/D25-1)=TRUE,0,(E25/D25-1)) -> 0.038911769 | K25: =K24+K23 -> 169.44841 | L25: =L24+L23 -> 176.04194 | M25: =M24+M23 -> 177.73396
B27: Total Bill Calculation
B28: Customer Charge | K28: =K6 -> 20.082456 | L28: =L6 -> 21.038342 | M28: =M6 -> 21.038342
B29: Fuel-related in aggregate | K29: =K23 -> 80.909572 | L29: =L23 -> 79.760244 | M29: =M23 -> 79.760244
B30: Non-fuel related in aggregate | K30: =K24 -> 88.538835 | L30: =L24 -> 96.281701 | M30: =M24 -> 97.973715
B31: Total Bill | K31: =K28+K29+K30 -> 189.53086 | L31: =L28+L29+L30 -> 197.08029 | M31: =M28+M29+M30 -> 198.7723 | N31: =M31/L31-1 -> 0.0085854032
A33: 2 | B33: Small General Tariff (Standard Offer)
B35: Customer Charge | C35: $/mo | D35: 21.995311 | E35: 22.734667 | F35: =E35-D35 -> 0.73935598 | G35: =IF(ISERROR(E35/D35-1)=TRUE,0,(E35/D35-1)) -> 0.033614254 | I35: 1 | J35: Customer | K35: =D35*I35 -> 21.995311 | L35: =E35*I35 -> 22.734667 | M35: =L35 -> 22.734667
B37: Energy Charges
B38: First 200 kWh Block
B39: Base cost of fuel | C39: ¢/kWh | D39: 9.0551826 | E39: 8.8691779 | F39: =E39-D39 -> -0.18600463 | G39: =IF(ISERROR(E39/D39-1)=TRUE,0,(E39/D39-1)) -> -0.020541235 | I39: 200 | J39: kWh | K39: =D39/100*I39 -> 18.110365 | L39: =E39/100*I39 -> 17.738356 | M39: =L39 -> 17.738356
B40: Non-fuel | C40: ¢/kWh | D40: 9.8638077 | E40: 10.927019 | F40: =E40-D40 -> 1.0632115 | G40: =IF(ISERROR(E40/D40-1)=TRUE,0,(E40/D40-1)) -> 0.10778916 | I40: =I39 -> 200 | J40: kWh | K40: =D40/100*I40 -> 19.727615 | L40: =E40/100*I40 -> 21.854039 | M40: =L40 -> 21.854039
B41: Subtotal | D41: =SUM(D38:D40) -> 18.91899 | E41: =SUM(E38:E40) -> 19.796197 | F41: =E41-D41 -> 0.87720691 | G41: =IF(ISERROR(E41/D41-1)=TRUE,0,(E41/D41-1)) -> 0.046366476 | K41: =SUM(K38:K40) -> 37.837981 | L41: =SUM(L38:L40) -> 39.592394 | M41: =SUM(M38:M40) -> 39.592394
G42: =IF(ISERROR(E42/D42-1)=TRUE,0,(E42/D42-1)) -> 0
B43: FAM AA | C43: ¢/kWh | D43: 0 | E43: 0 | F43: =E43-D43 -> 0 | G43: =IF(ISERROR(E43/D43-1)=TRUE,0,(E43/D43-1)) -> 0 | I43: =I40 -> 200 | J43: kWh | K43: =D43/100*I43 -> 0 | L43: =E43/100*I43 -> 0 | M43: =L43 -> 0
B44: FAM BA | C44: ¢/kWh | D44: 0.156 | E44: 0.156 | F44: =E44-D44 -> 0 | G44: =IF(ISERROR(E44/D44-1)=TRUE,0,(E44/D44-1)) -> 0 | I44: =I43 -> 200 | J44: kWh | K44: =D44/100*I44 -> 0.312 | L44: =E44/100*I44 -> 0.312 | M44: =L44 -> 0.312
B45: Subtotal | D45: =SUM(D43:D44) -> 0.156 | E45: =SUM(E43:E44) -> 0.156 | F45: =E45-D45 -> 0 | G45: =IF(ISERROR(E45/D45-1)=TRUE,0,(E45/D45-1)) -> 0 | K45: =SUM(K42:K44) -> 0.312 | L45: =SUM(L42:L44) -> 0.312 | M45: =SUM(M42:M44) -> 0.312
B47: DSM PCR | C47: ¢/kWh | D47: 0.778 | E47: 0.778 | F47: =E47-D47 -> 0 | G47: =IF(ISERROR(E47/D47-1)=TRUE,0,(E47/D47-1)) -> 0 | I47: =I44 -> 200 | J47: kWh | K47: =D47/100*I47 -> 1.556 | L47: =E47/100*I47 -> 1.556 | M47: =L47 -> 1.556
B48: DSM BA | C48: ¢/kWh | D48: -0.025 | E48: -0.025 | F48: =E48-D48 -> 0 | G48: =IF(ISERROR(E48/D48-1)=TRUE,0,(E48/D48-1)) -> 0 | I48: =I47 -> 200 | J48: kWh | K48: =D48/100*I48 -> -0.05 | L48: =E48/100*I48 -> -0.05 | M48: =L48 -> -0.05
B49: Subtotal | D49: =SUM(D47:D48) -> 0.753 | E49: =SUM(E47:E48) -> 0.753 | F49: =SUM(F47:F48) -> 0 | G49: =IF(ISERROR(E49/D49-1)=TRUE,0,(E49/D49-1)) -> 0 | K49: =SUM(K46:K48) -> 1.506 | L49: =SUM(L46:L48) -> 1.506 | M49: =SUM(M46:M48) -> 1.506
B51: SCRR | C51: ¢/kWh | D51: 0 | E51: 0 | F51: =E51-D51 -> 0 | G51: =IF(ISERROR(E51/D51-1)=TRUE,0,(E51/D51-1)) -> 0 | I51: =I48 -> 200 | J51: kWh | K51: =D51/100*I51 -> 0 | L51: =E51/100*I51 -> 0 | M51: =L51 -> 0
B52: IESO RR | C52: ¢/kWh | E52: =HLOOKUP('Bill Impacts'!$J$16,'Fee Impact'!$C$123:$H$135,3,FALSE) -> 0.1906841 | I52: =I51 -> 200 | J52: kWh | M52: =E52/100*I52 -> 0.3813682
B53: Fuel-related in aggregate | C53: ¢/kWh | D53: =D39+D45 -> 9.2111826 | E53: =E39+E45 -> 9.0251779 | F53: =E53-D53 -> -0.18600463 | G53: =IF(ISERROR(E53/D53-1)=TRUE,0,(E53/D53-1)) -> -0.02019335 | K53: =K39+K45 -> 18.422365 | L53: =L39+L45 -> 18.050356 | M53: =M39+M45 -> 18.050356
B54: Non-fuel related in aggregate | C54: ¢/kWh | D54: =D40+D49+D51 -> 10.616808 | E54: =E40+E49+E51 -> 11.680019 | F54: =E54-D54 -> 1.0632115 | G54: =IF(ISERROR(E54/D54-1)=TRUE,0,(E54/D54-1)) -> 0.10014418 | K54: =K40+K49+K51 -> 21.233615 | L54: =L40+L49+L51 -> 23.360039 | M54: =M40+M49+M52 -> 23.741407
B55: Total | C55: ¢/kWh | D55: =D53+D54 -> 19.82799 | E55: =E53+E54 -> 20.705197 | F55: =F41+F45+F49+F51 -> 0.87720691 | G55: =IF(ISERROR(E55/D55-1)=TRUE,0,(E55/D55-1)) -> 0.044240838 | K55: =K53+K54 -> 39.655981 | L55: =L53+L54 -> 41.410394 | M55: =M53+M54 -> 41.791763
B57: All Additional KWhs
B58: Base cost of fuel | C58: ¢/kWh | D58: 9.0551826 | E58: =E$39 -> 8.8691779 | F58: =E58-D58 -> -0.18600463 | G58: =IF(ISERROR(E58/D58-1)=TRUE,0,(E58/D58-1)) -> -0.020541235 | I58: 877.90059 | J58: kWh | K58: =D58/100*I58 -> 79.495501 | L58: =E58/100*I58 -> 77.862565 | M58: =L58 -> 77.862565
B59: Non-fuel | C59: ¢/kWh | D59: 8.0564901 | E59: 8.9248924 | F59: =E59-D59 -> 0.86840229 | G59: =IF(ISERROR(E59/D59-1)=TRUE,0,(E59/D59-1)) -> 0.10778916 | I59: =I58 -> 877.90059 | J59: kWh | K59: =D59/100*I59 -> 70.727974 | L59: =E59/100*I59 -> 78.351683 | M59: =L59 -> 78.351683
B60: Subtotal | D60: =SUM(D57:D59) -> 17.111673 | E60: =SUM(E57:E59) -> 17.79407 | F60: =E60-D60 -> 0.68239766 | G60: =IF(ISERROR(E60/D60-1)=TRUE,0,(E60/D60-1)) -> 0.039879074 | K60: =SUM(K57:K59) -> 150.22348 | L60: =SUM(L57:L59) -> 156.21425 | M60: =SUM(M57:M59) -> 156.21425
B62: FAM AA | C62: ¢/kWh | D62: 0 | E62: =E$43 -> 0 | F62: =E62-D62 -> 0 | G62: =IF(ISERROR(E62/D62-1)=TRUE,0,(E62/D62-1)) -> 0 | I62: =I59 -> 877.90059 | J62: kWh | K62: =D62/100*I62 -> 0 | L62: =E62/100*I62 -> 0
B63: FAM BA | C63: ¢/kWh | D63: 0.156 | E63: =E$44 -> 0.156 | F63: =E63-D63 -> 0 | G63: =IF(ISERROR(E63/D63-1)=TRUE,0,(E63/D63-1)) -> 0 | I63: =I62 -> 877.90059 | J63: kWh | K63: =D63/100*I63 -> 1.3695249 | L63: =E63/100*I63 -> 1.3695249 | M63: =L63 -> 1.3695249
B64: Subtotal | D64: =SUM(D62:D63) -> 0.156 | E64: =SUM(E61:E63) -> 0.156 | F64: =E64-D64 -> 0 | G64: =IF(ISERROR(E64/D64-1)=TRUE,0,(E64/D64-1)) -> 0 | K64: =SUM(K61:K63) -> 1.3695249 | L64: =SUM(L61:L63) -> 1.3695249 | M64: =SUM(M61:M63) -> 1.3695249
B66: DSM PCR | C66: ¢/kWh | D66: 0.778 | E66: =E$47 -> 0.778 | F66: =E66-D66 -> 0 | G66: =IF(ISERROR(E66/D66-1)=TRUE,0,(E66/D66-1)) -> 0 | I66: =I63 -> 877.90059 | J66: kWh | K66: =D66/100*I66 -> 6.8300666 | L66: =E66/100*I66 -> 6.8300666 | M66: =L66 -> 6.8300666
B67: DSM BA | C67: ¢/kWh | D67: -0.025 | E67: =E$48 -> -0.025 | F67: =E67-D67 -> 0 | G67: =IF(ISERROR(E67/D67-1)=TRUE,0,(E67/D67-1)) -> 0 | I67: =I66 -> 877.90059 | J67: kWh | K67: =D67/100*I67 -> -0.21947515 | L67: =E67/100*I67 -> -0.21947515 | M67: =L67 -> -0.21947515
B68: Subtotal | D68: =SUM(D66:D67) -> 0.753 | E68: =SUM(E66:E67) -> 0.753 | F68: =SUM(F66:F67) -> 0 | G68: =IF(ISERROR(E68/D68-1)=TRUE,0,(E68/D68-1)) -> 0 | K68: =SUM(K65:K67) -> 6.6105914 | L68: =SUM(L65:L67) -> 6.6105914 | M68: =SUM(M65:M67) -> 6.6105914
B70: SCRR | C70: ¢/kWh | D70: 0 | E70: =E$51 -> 0 | F70: =E70-D70 -> 0 | G70: =IF(ISERROR(E70/D70-1)=TRUE,0,(E70/D70-1)) -> 0 | I70: =I67 -> 877.90059 | J70: kWh | K70: =D70/100*I70 -> 0 | L70: =E70/100*I70 -> 0
B71: IESO RR | E71: =HLOOKUP('Bill Impacts'!$J$16,'Fee Impact'!$C$123:$H$135,3,FALSE) -> 0.1906841 | I71: =I70 -> 877.90059 | J71: kWh | M71: =E71/100*I71 -> 1.6740168
B72: Fuel-related in aggregate | C72: ¢/kWh | D72: =D58+D64 -> 9.2111826 | E72: =E58+E64 -> 9.0251779 | F72: =E72-D72 -> -0.18600463 | G72: =IF(ISERROR(E72/D72-1)=TRUE,0,(E72/D72-1)) -> -0.02019335 | K72: =K58+K64 -> 80.865026 | L72: =L58+L64 -> 79.23209 | M72: =M58+M64 -> 79.23209
B73: Non-fuel related in aggregate | C73: ¢/kWh | D73: =D59+D68+D70 -> 8.8094901 | E73: =E59+E68+E70 -> 9.6778924 | F73: =E73-D73 -> 0.86840229 | G73: =IF(ISERROR(E73/D73-1)=TRUE,0,(E73/D73-1)) -> 0.098575773 | K73: =K59+K68+K70 -> 77.338565 | L73: =L59+L68+L70 -> 84.962274 | M73: =M59+M68+M70+M71 -> 86.636291
B74: Total | C74: ¢/kWh | D74: =D72+D73 -> 18.020673 | E74: =E72+E73 -> 18.70307 | F74: =F60+F64+F68+F70 -> 0.68239766 | G74: =IF(ISERROR(E74/D74-1)=TRUE,0,(E74/D74-1)) -> 0.037867491 | K74: =K72+K73 -> 158.20359 | L74: =L72+L73 -> 164.19436 | M74: =M72+M73 -> 165.86838
B77: Total Bill Calculation
B78: Customer Charge | K78: =K35 -> 21.995311 | L78: =L35 -> 22.734667 | M78: =M35 -> 22.734667
B79: Fuel-related in aggregate | K79: =K53+K72 -> 99.287391 | L79: =L53+L72 -> 97.282446 | M79: =M53+M72 -> 97.282446
B80: Non-fuel related in aggregate | K80: =K54+K73 -> 98.572181 | L80: =L54+L73 -> 108.32231 | M80: =M54+M73 -> 110.3777
B81: Total Bill | K81: =K35+K79+K80 -> 219.85488 | L81: =L35+L79+L80 -> 228.33943 | M81: =M35+M79+M80 -> 230.39481 | N81: =M81/L81-1 -> 0.0090014461
A83: 3 | B83: General Tariff (Standard Offer)
B85: Demand Charge | C85: $/kW | D85: 9.8091511 | E85: 10.697094 | F85: =E85-D85 -> 0.88794296 | G85: =IF(ISERROR(E85/D85-1)=TRUE,0,(E85/D85-1)) -> 0.090521897 | I85: 44.399014 | J85: kVA | K85: =D85*I85 -> 435.51663 | L85: =E85*I85 -> 474.94042 | M85: =L85 -> 474.94042
B87: Transformer Ownership Credit | C87: ¢/kVA | D87: -32 | E87: -32 | F87: =E87-D87 -> 0 | G87: =IF(ISERROR(E87/D87-1)=TRUE,0,(E87/D87-1)) -> 0
B89: Energy Charges
B90: First 200 kWhs per kW of Max Demand
B91: Base cost of fuel | C91: ¢/kWh | D91: 8.9593486 | E91: 8.4823638 | F91: =E91-D91 -> -0.4769848 | G91: =IF(ISERROR(E91/D91-1)=TRUE,0,(E91/D91-1)) -> -0.053238781 | I91: =I85*0.9*200 -> 7991.8225 | J91: kWh | K91: =D91/100*I91 -> 716.01524 | L91: =E91/100*I91 -> 677.89546 | M91: =L91 -> 677.89546
B92: Non-fuel | C92: ¢/kWh | D92: 5.8229357 | E92: 6.3500389 | F92: =E92-D92 -> 0.52710318 | G92: =IF(ISERROR(E92/D92-1)=TRUE,0,(E92/D92-1)) -> 0.090521897 | I92: =I91 -> 7991.8225 | J92: kWh | K92: =D92/100*I92 -> 465.35868 | L92: =E92/100*I92 -> 507.48383 | M92: =L92 -> 507.48383
B93: Subtotal | D93: =SUM(D90:D92) -> 14.782284 | E93: =SUM(E90:E92) -> 14.832403 | F93: =E93-D93 -> 0.050118386 | G93: =IF(ISERROR(E93/D93-1)=TRUE,0,(E93/D93-1)) -> 0.0033904358 | K93: =SUM(K91:K92) -> 1181.3739 | L93: =SUM(L91:L92) -> 1185.3793 | M93: =SUM(M91:M92) -> 1185.3793
B95: FAM AA | C95: ¢/kWh | D95: 0 | E95: 0 | F95: =E95-D95 -> 0 | G95: =IF(ISERROR(E95/D95-1)=TRUE,0,(E95/D95-1)) -> 0 | I95: =I92 -> 7991.8225 | J95: kWh | K95: =D95/100*I95 -> 0 | L95: =E95/100*I95 -> 0 | M95: =L95 -> 0
B96: FAM BA | C96: ¢/kWh | D96: 0.207 | E96: 0.207 | F96: =E96-D96 -> 0 | G96: =IF(ISERROR(E96/D96-1)=TRUE,0,(E96/D96-1)) -> 0 | I96: =I95 -> 7991.8225 | J96: kWh | K96: =D96/100*I96 -> 16.543073 | L96: =E96/100*I96 -> 16.543073 | M96: =L96 -> 16.543073
B97: Subtotal | D97: =SUM(D95:D96) -> 0.207 | E97: =SUM(E95:E96) -> 0.207 | F97: =SUM(F95:F96) -> 0 | G97: =IF(ISERROR(E97/D97-1)=TRUE,0,(E97/D97-1)) -> 0 | K97: =SUM(K95:K96) -> 16.543073 | L97: =SUM(L95:L96) -> 16.543073 | M97: =SUM(M95:M96) -> 16.543073
B99: DSM PCR | C99: ¢/kWh | D99: 0.63526891 | E99: 0.63526891 | F99: =E99-D99 -> 0 | G99: =IF(ISERROR(E99/D99-1)=TRUE,0,(E99/D99-1)) -> 0 | I99: =I96 -> 7991.8225 | J99: kWh | K99: =D99/100*I99 -> 50.769563 | L99: =E99/100*I99 -> 50.769563 | M99: =L99 -> 50.769563
B100: DSM BA | C100: ¢/kWh | D100: 0.01034078 | E100: 0.01034078 | F100: =E100-D100 -> 0 | G100: =IF(ISERROR(E100/D100-1)=TRUE,0,(E100/D100-1)) -> 0 | I100: =I99 -> 7991.8225 | J100: kWh | K100: =D100/100*I100 -> 0.82641678 | L100: =E100/100*I100 -> 0.82641678 | M100: =L100 -> 0.82641678
B101: Subtotal | D101: =SUM(D99:D100) -> 0.64560969 | E101: =SUM(E99:E100) -> 0.64560969 | F101: =SUM(F99:F100) -> 0 | G101: =IF(ISERROR(E101/D101-1)=TRUE,0,(E101/D101-1)) -> 0 | K101: =SUM(K99:K100) -> 51.59598 | L101: =SUM(L99:L100) -> 51.59598 | M101: =SUM(M99:M100) -> 51.59598
B103: SCRR | C103: ¢/kWh | D103: 0 | E103: 0 | F103: =E103-D103 -> 0 | G103: =IF(ISERROR(E103/D103-1)=TRUE,0,(E103/D103-1)) -> 0 | I103: =I100 -> 7991.8225 | J103: kWh | K103: =D103/100*I103 -> 0 | L103: =E103/100*I103 -> 0 | M103: =L103 -> 0
B104: IESO RR | C104: ¢/kWh | E104: =HLOOKUP('Bill Impacts'!$J$16,'Fee Impact'!$C$123:$H$135,4,FALSE) -> 0.19011296 | I104: =I103 -> 7991.8225 | J104: kWh | M104: =E104/100*I104 -> 15.19349
B105: Fuel-related in aggregate | C105: ¢/kWh | D105: =D91+D97 -> 9.1663486 | E105: =E91+E97 -> 8.6893638 | F105: =E105-D105 -> -0.4769848 | G105: =IF(ISERROR(E105/D105-1)=TRUE,0,(E105/D105-1)) -> -0.052036511 | K105: =K91+K97 -> 732.55831 | L105: =L91+L97 -> 694.43853 | M105: =M91+M97 -> 694.43853
B106: Non-fuel related in aggregate | C106: ¢/kWh | D106: =D92+D101+D103 -> 6.4685454 | E106: =E92+E101+E103 -> 6.9956486 | F106: =E106-D106 -> 0.52710318 | G106: =IF(ISERROR(E106/D106-1)=TRUE,0,(E106/D106-1)) -> 0.081487128 | K106: =K92+K101+K103 -> 516.95466 | L106: =L92+L101+L103 -> 559.07981 | M106: =M92+M101+M103+M104 -> 574.2733
B107: Total | C107: ¢/kWh | D107: =D105+D106 -> 15.634894 | E107: =E105+E106 -> 15.685012 | F107: =F93+F97+F101+F103 -> 0.050118386 | G107: =IF(ISERROR(E107/D107-1)=TRUE,0,(E107/D107-1)) -> 0.0032055469 | K107: =SUM(K105:K106) -> 1249.513 | L107: =SUM(L105:L106) -> 1253.5183 | M107: =SUM(M105:M106) -> 1268.7118
B109: All Additional KWhs
B110: Base cost of fuel | C110: ¢/kWh | D110: 8.9593486 | E110: =E$91 -> 8.4823638 | F110: =E110-D110 -> -0.4769848 | G110: =IF(ISERROR(E110/D110-1)=TRUE,0,(E110/D110-1)) -> -0.053238781 | I110: 8121.3424 | J110: kWh | K110: =D110/100*I110 -> 727.61938 | L110: =E110/100*I110 -> 688.88181 | M110: =L110 -> 688.88181
B111: Non-fuel | C111: ¢/kWh | D111: 2.7585751 | E111: 3.0082866 | F111: =E111-D111 -> 0.24971145 | G111: =IF(ISERROR(E111/D111-1)=TRUE,0,(E111/D111-1)) -> 0.090521897 | I111: =I110 -> 8121.3424 | J111: kWh | K111: =D111/100*I111 -> 224.03333 | L111: =E111/100*I111 -> 244.31325 | M111: =L111 -> 244.31325
B112: Subtotal | D112: =SUM(D109:D111) -> 11.717924 | E112: =SUM(E109:E111) -> 11.49065 | F112: =E112-D112 -> -0.22727335 | G112: =IF(ISERROR(E112/D112-1)=TRUE,0,(E112/D112-1)) -> -0.01939536 | K112: =SUM(K110:K111) -> 951.65271 | L112: =SUM(L110:L111) -> 933.19506 | M112: =SUM(M110:M111) -> 933.19506
B114: FAM AA | C114: ¢/kWh | D114: 0 | E114: =E$95 -> 0 | F114: =E114-D114 -> 0 | G114: =IF(ISERROR(E114/D114-1)=TRUE,0,(E114/D114-1)) -> 0 | I114: =I111 -> 8121.3424 | J114: kWh | K114: =D114/100*I114 -> 0 | L114: =E114/100*I114 -> 0 | M114: =L114 -> 0
B115: FAM BA | C115: ¢/kWh | D115: 0.207 | E115: =E$96 -> 0.207 | F115: =E115-D115 -> 0 | G115: =IF(ISERROR(E115/D115-1)=TRUE,0,(E115/D115-1)) -> 0 | I115: =I114 -> 8121.3424 | J115: kWh | K115: =D115/100*I115 -> 16.811179 | L115: =E115/100*I115 -> 16.811179 | M115: =L115 -> 16.811179
B116: Subtotal | D116: =SUM(D114:D115) -> 0.207 | E116: =SUM(E113:E115) -> 0.207 | F116: =E116-D116 -> 0 | G116: =IF(ISERROR(E116/D116-1)=TRUE,0,(E116/D116-1)) -> 0 | K116: =SUM(K114:K115) -> 16.811179 | L116: =SUM(L114:L115) -> 16.811179 | M116: =SUM(M114:M115) -> 16.811179
B118: DSM PCR | C118: ¢/kWh | D118: 0.63526891 | E118: =E$99 -> 0.63526891 | F118: =E118-D118 -> 0 | G118: =IF(ISERROR(E118/D118-1)=TRUE,0,(E118/D118-1)) -> 0 | I118: =I115 -> 8121.3424 | J118: kWh | K118: =D118/100*I118 -> 51.592363 | L118: =E118/100*I118 -> 51.592363 | M118: =L118 -> 51.592363
B119: DSM BA | C119: ¢/kWh | D119: 0.01034078 | E119: =E$100 -> 0.01034078 | F119: =E119-D119 -> 0 | G119: =IF(ISERROR(E119/D119-1)=TRUE,0,(E119/D119-1)) -> 0 | I119: =I118 -> 8121.3424 | J119: kWh | K119: =D119/100*I119 -> 0.83981015 | L119: =E119/100*I119 -> 0.83981015 | M119: =L119 -> 0.83981015
B120: Subtotal | D120: =SUM(D118:D119) -> 0.64560969 | E120: =SUM(E118:E119) -> 0.64560969 | F120: =SUM(F118:F119) -> 0 | G120: =IF(ISERROR(E120/D120-1)=TRUE,0,(E120/D120-1)) -> 0 | K120: =SUM(K118:K119) -> 52.432173 | L120: =SUM(L118:L119) -> 52.432173 | M120: =SUM(M118:M119) -> 52.432173
B122: SCRR | C122: ¢/kWh | D122: 0 | E122: =E$103 -> 0 | F122: =E122-D122 -> 0 | G122: =IF(ISERROR(E122/D122-1)=TRUE,0,(E122/D122-1)) -> 0 | I122: =I119 -> 8121.3424 | J122: kWh | K122: =D122/100*I122 -> 0 | L122: =E122/100*I122 -> 0 | M122: =L122 -> 0
B123: IESO RR | C123: ¢/kWh | E123: =HLOOKUP('Bill Impacts'!$J$16,'Fee Impact'!$C$123:$H$135,4,FALSE) -> 0.19011296 | I123: =I122 -> 8121.3424 | J123: kWh | M123: =E123/100*I123 -> 15.439725
B124: Fuel-related in aggregate | C124: ¢/kWh | D124: =D110+D116 -> 9.1663486 | E124: =E110+E116 -> 8.6893638 | F124: =E124-D124 -> -0.4769848 | G124: =IF(ISERROR(E124/D124-1)=TRUE,0,(E124/D124-1)) -> -0.052036511 | K124: =K110+K116 -> 744.43056 | L124: =L110+L116 -> 705.69299 | M124: =M110+M116 -> 705.69299
B125: Non-fuel related in aggregate | C125: ¢/kWh | D125: =D111+D120+D122 -> 3.4041848 | E125: =E111+E120+E122 -> 3.6538963 | F125: =E125-D125 -> 0.24971145 | G125: =IF(ISERROR(E125/D125-1)=TRUE,0,(E125/D125-1)) -> 0.073354259 | K125: =K111+K120+K122 -> 276.4655 | L125: =L111+L120+L122 -> 296.74543 | M125: =M111+M120+M122+M123 -> 312.18515
B126: Total | C126: ¢/kWh | D126: =D124+D125 -> 12.570533 | E126: =E124+E125 -> 12.34326 | F126: =F112+F116+F120+F122 -> -0.22727335 | G126: =IF(ISERROR(E126/D126-1)=TRUE,0,(E126/D126-1)) -> -0.018079849 | K126: =K124+K125 -> 1020.8961 | L126: =L124+L125 -> 1002.4384 | M126: =M124+M125 -> 1017.8781
B128: Both Blocks:
B129: Fuel-related in aggregate | K129: =K124+K105 -> 1476.9889 | L129: =L124+L105 -> 1400.1315 | M129: =M124+M105 -> 1400.1315
B130: Non-fuel related in aggregate | K130: =K125+K106 -> 793.42017 | L130: =L125+L106 -> 855.82524 | M130: =M125+M106 -> 886.45845
...
